 Dungeon Crawl Stone Soup version 0.27-b1-42-g19c61b19a5 (webtiles) character file.

Game seed: 220447741010388707

430 Nausicaa the Ruffian (level 6, -3/61 HPs)
             Began as a Troll Delver on July 29, 2021.
             Engulfed by a cloud of freezing vapour (9 damage)
             ... on level 5 of the Dungeon.
             The game lasted 00:02:45 (272 turns).

Nausicaa the Ruffian (Troll Delver)                  Turns: 272, Time: 00:02:46

Health: -3/61      AC:  4    Str: 21    XL:     6   Next: 66%
Magic:  5/5        EV: 25    Int:  6    God:
Gold:   9          SH:  0    Dex: 13    Spells: 5/5 levels left

rFire    . . .     SeeInvis .     - Unarmed
rCold    + . .     Faith    .   (no shield)
rNeg     . . .     Spirit   .   a - +0 robe
rPois    +         Reflect  .   (helmet restricted)
rElec    .         Harm     .   (no cloak)
rCorr    .         Rampage  .   (gloves unavailable)
Will     .....                  (boots unavailable)
Stlth    ++........             n - amulet of the acrobat
HPRegen  1.20/turn              k - ring of the Komodo Dragon {rPois rC+}
MPRegen  0.09/turn              (no ring)

@: acrobatic
A: large, unfitting armour, claws 3, regeneration 1, shaggy fur 1, tough skin 1
a: no special abilities


You were on level 5 of the Dungeon.
You visited 1 branch of the dungeon, and saw 2 of its levels.

You collected 9 gold pieces.

Inventory:

Missiles
 g - 2 large rocks (quivered)
 l - 3 poisoned darts
 m - 7 arrows
Armour
 a - a +0 robe (worn)
 j - a scarf of shadows
Jewellery
 k - the ring of the Komodo Dragon (left claw) {rPois rC+}
   (You found it on level 5 of the Dungeon)

   [ring of protection from cold]

   rC:        It protects you from cold.
   rPois:     It protects you from poison.
 n - an amulet of the acrobat (around neck)
Wands
 f - a wand of digging (3)
Scrolls
 b - a scroll of fog
 c - a scroll of magic mapping
 d - a scroll of fear
 i - a scroll of immolation {unknown}
Potions
 e - a potion of haste
 h - 2 potions of heal wounds {unknown}


   Skills:
 + Level 3.1 Fighting
 - Level 1.5 Dodging
 - Level 2.7 Stealth
 * Level 6.8 Unarmed Combat


You had 5 spell levels left.
You didn't know any spells.
Your spell library was empty.

Dungeon Overview and Level Annotations

Branches:
Dungeon (6/15)             Temple (0/1) D:6

Altars:
Vehumet


Innate Abilities, Weirdness & Mutations

You are too large for most types of armour.
You have claws for hands.
Your natural rate of healing is unusually fast.
You are covered in fur. (AC +1)
You have tough skin. (AC +1)


Message History

You feel ready to tumble and roll out of harm's way.
n - an amulet of the acrobat (around neck)
You claw the shadow!
The shadow is heavily damaged.
The shadow slips into darkness.
The shadow flickers and vanishes!
Deactivating autopickup; reactivate with Ctrl-A.
The shadow strikes at you from the darkness!
Ouch! That really hurt!
Reactivating autopickup.
You barely miss the shadow.
The shadow is heavily damaged.
The shadow hits you.
You claw the shadow!
You destroy the shadow!
Your Fighting skill increases to level 3!
Found four items.
Found a scroll labelled INOFIY OTAUBUKI.
You open the door.
Really walk into a travel-excluded area?
Okay, then.
You start resting.
HP restored.
Really walk into a travel-excluded area?
Found a hand axe.
There is an open door here.
The hound barks!
You are engulfed in freezing vapours.
You resist.
You are engulfed in freezing vapours.
You resist.
You are engulfed in freezing vapours.
You resist.
You are engulfed in freezing vapours.
You resist.
You are engulfed in freezing vapours.
You resist.
Found 18 gold pieces.
You are engulfed in freezing vapours.
You resist.
You are engulfed in freezing vapours.
You resist.
* * * LOW HITPOINT WARNING * * *
You are engulfed in freezing vapours.
You resist.
* * * LOW HITPOINT WARNING * * *
You are engulfed in freezing vapours.
You resist.
You die...

... ..# #.###.....##......# ...#
..#...#......##......#
...###.###.......#####.###
.$#...............# #.##
.................#####..###
...#.##.####################'####
..........#.........○○○○°○○☼..#.#
........#.#.###################..
....... #.#○○○○○@○○.....°○$/(?#.#
..... #.#####################.#
...# #.##............#h.......
#†.# #. #.###.....##.#.#......
###..# #. #.# #................)
....># #. #+# #.............##..
.....# ......... .....# .........
.....#


There were no monsters in sight!

Vanquished Creatures
  A shadow (D:5)
  A kobold brigand (D:5)
  2 scorpions (D:5)
  A bullfrog zombie (D:5)
  A bullfrog skeleton (D:5)
  A hound zombie (D:5)
  An adder (D:5)
  2 ufetubi (D:5)
10 creatures vanquished.

Vanquished Creatures (others)
  9 plants (D:6)
9 creatures vanquished.

Grand Total: 19 creatures vanquished

Notes
Turn   | Place    | Note
-------+----------+-------------------------------------------
     0 | D:5      | Nausicaa the Troll Delver began the quest for the Orb.
     0 | D:5      | Reached XP level 1. HP: 22/22 MP: 0/0
    16 | D:5      | Reached skill level 3 in Unarmed Combat
    16 | D:5      | Reached XP level 2. HP: 28/29 MP: 1/1
    21 | D:5      | Noticed a scorpion
    27 | D:5      | Killed a scorpion
    28 | D:5      | Reached skill level 4 in Unarmed Combat
    28 | D:5      | Reached XP level 3. HP: 25/36 MP: 2/2
    28 | D:5      | Reached XP level 4. HP: 31/44 MP: 3/3
    80 | D:6      | Found a staircase to the Ecumenical Temple.
   127 | D:5      | Identified the ring of the Komodo Dragon {rPois rC+}
   133 | D:5      | Noticed a scorpion
   143 | D:5      | Killed a scorpion
   144 | D:5      | Reached skill level 5 in Unarmed Combat
   148 | D:5      | Reached XP level 5. HP: 23/50 MP: 4/4
   151 | D:5      | Found a radiant altar of Vehumet.
   177 | D:5      | Reached skill level 6 in Unarmed Combat
   189 | D:5      | Noticed a shadow
   198 | D:5      | Reached XP level 6. HP: 59/59 MP: 5/5
   215 | D:5      | Killed a shadow
   272 | D:5      | Engulfed by a cloud of freezing vapour

Illustrated notes

Levels and vault maps discovered:
D:5:      lemuel_ice_spiral_2, layout_basic, kennysheep_little_box,
          grunt_ministairs_13, serial_park_tiny_1, minmay_manual_mail
D:6:      layout_cave_pools, mainiacjoe_overflow_catch_the_wave,
          minmay_temple_entry_mist, serial_shops, nicolae_shop_stone,
          dk_noncrumbling_3

Skill      XL: |  1  2  3  4  5  6 |
---------------+-------------------+-----
Unarmed Combat | 3 4 5 6 |  6.8
Fighting       | 3 |  3.1
Dodging        | |  1.5
Stealth        | |  2.7

Action                   |  1- 3 |  4- 6 || total
-------------------------+-------+-------++-------
Melee: Unarmed           |    11 |    26 ||    37
       Punch             |       |     1 ||     1
Armor: Robe              |     2 |     2 ||     4
Dodge: Dodged            |     4 |     9 ||    13
